 Dungeon Crawl Stone Soup version 0.15.0-16-gce31824 (console) character file.

1793 gw the Chopper (level 8, -5/75 HPs)
             Began as a Deep Dwarf Fighter on Sept 5, 2014.
             Was an Initiate of Makhleb.
             Slain by an ogre
             ... wielding a +0 giant club
              (11 damage)
             ... on Level 6 of the Dungeon.
             The game lasted 00:03:26 (5426 turns).

gw the Chopper (Deep Dwarf Fighter)                 Turns: 5426, Time: 00:03:26

HP  -5/75        AC 14     Str 21      XL: 8   Next: 82%
MP   9/9         EV  9     Int  5 (8)  God: Makhleb [......]
Gold 0           SH  0     Dex 11 (14) Spells:  0 memorised,  7 levels left

rFire  + . .     SeeInvis .     a - +2 war axe
rCold  . . .     Clarity  .     u - +3 scale mail {rF+}
rNeg   . . .     rCorr    .     (no shield)
rPois  .         rRot     .     q - +0 helmet
rElec  .         Spirit   .     n - +0 cloak
SustAb .         Warding  .     (no gloves)
rMut   .         Stasis   .     j - +0 pair of boots
Gourm  .                        w - amulet of faith
MR     +....                    (no ring)
                                (no ring)

@: non-regenerating, somewhat resistant to hostile enchantments, extremely
unstealthy
A: damage resistance, recharge devices, sense surroundings 1, slow healing 3
a: Device Recharging, Renounce Religion


You were on level 6 of the Dungeon.
You worshipped Makhleb.
Makhleb was noncommittal.
You were not hungry.

You visited 2 branches of the dungeon, and saw 7 of its levels.

Inventory:

Hand weapons
 a - a +2 war axe (weapon)
Missiles
 c - 83 stones (quivered)
 s - 8 javelins
 t - 2 tomahawks of dispersal
Armour
 j - a +0 pair of boots (worn)
 n - a +0 cloak (worn)
 q - a +0 helmet (worn)
 u - a +3 scale mail of fire resistance (worn)
Magical devices
 b - a wand of disintegration (11)
 d - a wand of heal wounds (3)
 r - a wand of magic darts (15)
Comestibles
 f - 5 bread rations
 h - a meat ration
 l - 2 beef jerkies
 o - 2 fruits
Scrolls
 e - 3 scrolls of identify
 m - a scroll of amnesia
 v - a scroll of blinking {unknown}
Jewellery
 w - an amulet of faith (around neck)
Potions
 k - a potion of curing
 p - a potion of agility


   Skills:
 + Level 5.4 Fighting
 * Level 7.9 Axes
 + Level 4.3 Throwing
 + Level 6.4 Armour
   Level 3.2 Shields
 + Level 2.7 Invocations


You had 7 spell levels left.
You didn't know any spells.

Dungeon Overview and Level Annotations

Branches:
Dungeon (6/15)             Temple (1/1) D:5

Altars:
Cheibriados
Dithmenos
Elyvilon
Fedhas
Kikubaaqudgha
Makhleb
Nemelex Xobeh
Okawaru
Qazlal
Sif Muna
Trog
Vehumet
Xom
Yredelemnul
Zin
The Shining One

Annotations:
D:3 exclusion: downstairs


Innate Abilities, Weirdness & Mutations

You are resistant to damage.
You can recharge devices by infusing magical energy.
You passively map a small area around you.
You do not heal naturally.


Message History

MOVING TO (3,-1)
An orc warrior comes into view. It is wielding a morningstar.
MOVING TO (2,-1) MOVING TO (1,-1) MOVING TO (8,1) MOVING TO (7,1) MOVING TO (6,1) MOVING TO (5,0) MOVING TO (4,0) MOVING TO (3,0) MOVING TO (2,0) MOVING TO (1,0) MOVING TO (-6,3)
The hobgoblin hits you but does no damage.
The ogre hits you with a giant club!
MOVING TO (-5,2)
The hobgoblin hits you but does no damage.
MOVING TO (-4,2)
The ogre hits you with a giant club!
You die...

......o..##............#...# #
.........##............#...# ..#
.........##............#...# ...#
#........##............#...# #..#
#........##................# #..#
..(...P..#....#...##.......###..#
.........#...o#.#+##...........$#
...........#.....Og....#........#
.......#####....g...............#
.......#* ###.......##.........##
....##.# ...#.###...##........[##
....####*._.#.+p#....#...#.......
....# *...#.###....#...#.......
....# *####........#...##.##...
....# #.........#...##.##...
....# *##.............##.##.#.
##... , ................##.##.#.


You could see an orc warrior, an ogre, a hobgoblin and a neutral human.

Table legend:
 A = Turns spent in this place as a percentage of turns spent in the entire game.
 B = Non-inter-level travel turns spent in this place as a percentage of non-inter-level travel turns spent in the entire game.
 C = Inter-level travel turns spent in this place as a percentage of turns spent in this place.
 D = Turns resting spent in this place as a percentage of non-inter-level travel turns spent in this place.
 E = Turns spent auto-exploring this place as a percentage of non-inter-level travel turns spent in this place.
 F = Non-inter-level travel turns spent in this place divided by the number of levels of this place that you've seen.
                   A       B       C       D       E      F
               +-------+-------+-------+-------+-------+----------------------
         Total | 100.0 | 100.0 |   1.4 |   0.0 |  16.4 | 237.4
       Dungeon |  97.3 |  97.4 |   1.3 |   0.0 |  15.9 | 269.7
        Temple |   2.7 |   2.6 |   2.2 |   0.0 |  34.1 |  44.0
               +-------+-------+-------+-------+-------+----------------------

Table legend:
 A = Kills in this place as a percentage of kills in entire the game.
 B = Kills by you in this place as a percentage of kills by you in the entire game.
 C = Kills by friends in this place as a percentage of kills by friends in the entire game.
 D = Other kills in this place as a percentage of other kills in the entire game.
 E = Experience gained in this place as a percentage of experience gained in the entire game.
 F = Experience gained in this place divided by the number of levels of this place that you have seen.
                   A       B       C       D       E      F
               +-------+-------+-------+-------+-------+----------------------
         Total | 100.0 | 100.0 |  -nan |  -nan | 100.0 | 366.0
       Dungeon | 100.0 | 100.0 |  -nan |  -nan | 100.0 | 427.0
               +-------+-------+-------+-------+-------+----------------------

Vanquished Creatures
  Eustachio (D:6)
  The ghost of DrPain the Twirler, an average MiGl of Okawaru (D:4)
  Edmund (D:6)
  A phantom (D:6)
  2 ice beasts
  3 centaurs (D:5)
  A giant frog (D:6)
  A scorpion (D:6)
  2 crimson imps (D:5)
  2 hounds
  11 orc priests
  Crazy Yiuf (D:2)
  An iron imp (D:6)
  An iguana (D:5)
  An orc wizard (D:3)
  2 worker ants
  Terence (D:3)
  8 adders
  3 gnolls (D:5)
  A green rat (D:6)
  2 ufetubi (D:6)
  A giant gecko (D:2)
  An ooze (D:2)
  21 orcs
  A ball python (D:3)
  6 bats
  5 goblins
  11 hobgoblins
  3 jackals (D:5)
  6 quokkas
  4 giant cockroaches
  A giant newt (D:1)
  A gnoll skeleton (D:4)
  A jackal zombie (D:6)
  7 kobolds
  A kobold skeleton (D:6)
  16 rats
  A rat zombie (D:5)
134 creatures vanquished.

Vanquished Creatures (others)
  A giant spore (D:6)
1 creature vanquished.

Grand Total: 135 creatures vanquished

Notes
Turn   | Place    | Note
--------------------------------------------------------------
     0 | D:1      | gw, the Deep Dwarf Fighter, began the quest for the Orb.
     0 | D:1      | Reached XP level 1. HP: 20/20 MP: 1/1
   328 | D:1      | Reached XP level 2. HP: 24/27 MP: 2/2
   724 | D:2      | Reached skill level 1 in Throwing
   779 | D:2      | Reached XP level 3. HP: 26/33 MP: 3/3
  1168 | D:2      | Noticed Crazy Yiuf
  1173 | D:2      | Killed Crazy Yiuf
  1173 | D:2      | Reached XP level 4. HP: 27/42 MP: 4/4
  1403 | D:3      | HP: 1/42 [orc priest/divine providence (12)]
  1445 | D:3      | Noticed Terence
  1455 | D:3      | Killed Terence
  1463 | D:3      | HP: 1/42 [poisoned by Terence]
  1526 | D:3      | Reached skill level 4 in Armour
  1529 | D:3      | Reached XP level 5. HP: 33/49 MP: 5/5
  2182 | D:3      | Reached XP level 6. HP: 38/56 MP: 6/6
  2416 | D:4      | Noticed DrPain's ghost (average MiGl)
  2509 | D:4      | Killed DrPain's ghost
  2509 | D:4      | Reached skill level 5 in Axes
  3420 | D:5      | Entered Level 5 of the Dungeon
  3458 | D:5      | Reached XP level 7. HP: 21/64 MP: 6/6
  3583 | D:5      | Reached skill level 5 in Armour
  3864 | D:5      | Reached skill level 6 in Axes
  4209 | D:5      | Reached XP level 8. HP: 24/73 MP: 7/7
  4732 | D:5      | Found a staircase to the Ecumenical Temple.
  4742 | Temple   | Entered the Ecumenical Temple
  4754 | Temple   | Became a worshipper of Makhleb the Destroyer
  5018 | D:6      | Reached skill level 5 in Fighting
  5018 | D:6      | Reached skill level 7 in Axes
  5023 | D:6      | Noticed Eustachio
  5054 | D:6      | Killed Eustachio
  5054 | D:6      | Reached skill level 1 in Invocations
  5154 | D:6      | Found a basalt altar of Yredelemnul.
  5253 | D:6      | Noticed Edmund
  5271 | D:6      | Killed Edmund
  5318 | D:6      | Found a staircase to the Ecumenical Temple.
  5426 | D:6      | Slain by an ogre

Action                   |  1- 3 |  4- 6 |  7- 9 || total
-------------------------+-------+-------+-------++-------
Melee: War axe           |    63 |   147 |   208 ||   418
Throw: Stone             |    54 |    88 |   111 ||   253
 Abil: Device Recharging |       |     1 |     1 ||     2
Evoke: Wand              |       |     6 |     7 ||    13
  Use: Scroll            |     2 |     9 |     2 ||    13
       Potion            |     1 |     7 |     2 ||    10
  Eat: Chunk             |     1 |     7 |     7 ||    15

Vault maps used:
D:1:      roderic_crossed_star
D:2:      uniq_crazy_yiuf_cottage
D:3:      first_bread, uniq_terence
D:5:      temple_hall
D:6:      lemuel_temple_firewalk_marked, dk_yredelemnul_ordeal, uniq_eustachio,
          uniq_edmund
Temple:   nicolae_temple_elliptical
